 Dungeon Crawl Stone Soup version 0.17-a0-587-g4707e02 (console) character file.

93 Fusha the Ducker (level 4, -2/30 HPs)
             Began as a Merfolk Air Elementalist on Apr 15, 2015.
             Slain by an ogre
             ... wielding a +0 giant club
              (22 damage)
             ... on level 3 of the Dungeon.
             The game lasted 00:15:21 (3919 turns).

Fusha the Ducker (Merfolk Air Elementalist)         Turns: 3919, Time: 00:15:21

Health: -2/30      AC:  2    Str:  9    XL:     4   Next: 61%
Magic:  6/7        EV: 18    Int: 14    God:
Gold:   120        SH:  0    Dex: 14    Spells: 1 memorised, 6 levels left

rFire  . . .     SeeInvis .     w - +0 spear
rCold  . . .     Clarity  .     a - +0 robe
rNeg   . . .     SustAb   .     (no shield)
rPois  .         Gourm    .     (no helmet)
rElec  .         Spirit   .     (no cloak)
rCorr  .         Warding  .     (no gloves)
rMut   .         Stasis   .     (no boots)
MR     .....                    (no amulet)
Stlth  +++.......               (no ring)
                                j - +4 ring of evasion

@: very slightly contaminated, not resistant to hostile enchantments, fairly
stealthy
A: change form in water, swift swim
a: no special abilities


You were on level 3 of the Dungeon.
You were not hungry.

You visited 1 branch of the dungeon, and saw 4 of its levels.

You collected 120 gold pieces.

Inventory:

Hand weapons
 d - a +0 dagger
 q - a +0 blowgun
 w - a +0 spear (weapon)
Armour
 a - a +0 robe (worn)
 k - a cursed +0 scale mail
 m - a +0 buckler
 p - a +0 leather armour
Jewellery
 j - a +4 ring of evasion (left hand)
Magical devices
 t - a wand of confusion (6)
Scrolls
 g - a scroll of remove curse
 l - 2 scrolls of random uselessness
Potions
 c - a potion of restore abilities {unknown}
 e - a potion of haste {unknown}
 s - 2 potions of resistance
 u - a potion of curing {unknown}
Books
 b - a book of Air

   Spells                             Type                      Level
   a - Shock                          Conjuration/Air              1
   b - Swiftness                      Charms/Air                   2
   c - Repel Missiles                 Charms/Air                   2
   d - Flight                         Charms/Air                   3
   e - Static Discharge               Conjuration/Air              3
   f - Lightning Bolt                 Conjuration/Air              5


   Skills:
 + Level 0.0 Fighting
 * Level 0.8 Polearms
 * Level 4.5 Dodging
 + Level 3.9 Stealth
 + Level 1.1 Shields
 - Level 2.0 Spellcasting
 - Level 0.7 Conjurations
 - Level 2.4 Air Magic


You had 6 spell levels left.
You knew the following spells:

 Your Spells              Type           Power        Failure   Level  Hunger
a - Shock                 Conj/Air       #...         14%         1    ##.....


Dungeon Overview and Level Annotations

Branches:
Dungeon (4/15)
 Temple: D:4-7

Altars:
The Shining One

Annotations:
D:4 Blork the orc, Eustachio


Message History

Attack whom?
Press: ? - help, Dir - move target cursor, f/p - ogre
Aim: an ogre, wielding a giant club (moderately wounded, bewildered and confused)
You reach to attack!
You hit the ogre.
The ogre is heavily wounded.
Attack whom?
Press: ? - help, Dir - move target cursor, f/p - ogre
Aim: an ogre, wielding a giant club (heavily wounded, bewildered and confused)
You reach to attack!
You hit the ogre.
The ogre is heavily wounded.
The ogre seems less confused.
Casting: Shock
Confirm with . or Enter, or press ? or * to list all spells.
Aiming: Shock
Press: ? - help, Shift-Dir - straight line, p - ogre You miscast Shock.
You are very lightly contaminated with residual magic.
Nothing appears to happen.
The ogre hits you with a giant club!!
Ouch! That really hurt!
You die...

#....###................#
#..###
#..#...)..#......######.#
#..... #................#
#.# #..###
###.#######......#
#.###..# #.# ##...#.#
#......# #.# #####.#
#####..###
#.############.# #<....
####...........O..#
#..###
......##########@.#
#..... ####.## #..#
########..### ####.#####
#..# #......^.....
.O.......# ##..#
#.######..##. ..##.###.#
#...# #.# #..##.
#.##.###.#
#.#.###.######..##.
#.##...#.#
#.#.[...<.......##.
...###.#.#
#.#####.####.#####.
.........# #.# #.# #.# #.


You could see an ogre.

Vanquished Creatures
  An adder (D:2)
  A worm (D:2)
  6 giant geckos
  4 orcs
  A bat (D:2)
  10 hobgoblins
  9 kobolds
  A ball python (D:2)
  7 giant cockroaches
  4 giant newts
  9 goblins
  8 jackals
  9 rats
70 creatures vanquished.

Notes
Turn   | Place    | Note
--------------------------------------------------------------
     0 | D:1      | Fusha, the Merfolk Air Elementalist, began the quest for the Orb.
     0 | D:1      | Reached XP level 1. HP: 13/13 MP: 3/3
   158 | D:1      | Reached skill level 3 in Dodging
   253 | D:1      | Reached XP level 2. HP: 13/19 MP: 0/5
  1186 | D:1      | Reached XP level 3. HP: 24/24 MP: 4/6
  1564 | D:2      | Reached skill level 4 in Dodging
  2155 | D:2      | Reached XP level 4. HP: 30/30 MP: 7/7
  2858 | D:3      | Reached skill level 1 in Shields
  3241 | D:3      | Found a glowing golden altar of the Shining One.
  3406 | D:4      | Noticed Blork the orc
  3542 | D:3      | Noticed an ogre
  3773 | D:4      | Noticed Eustachio
  3919 | D:3      | Slain by an ogre

Action                   |  1- 3 |  4- 6 || total
-------------------------+-------+-------++-------
Melee: Unarmed           |    52 |    49 ||   101
       Spear             |       |    38 ||    38
       Dagger            |       |     2 ||     2
 Fire: Blowgun           |       |     5 ||     5
 Cast: Shock             |    61 |    37 ||    98
Evoke: Wand              |       |    10 ||    10
  Use: Scroll            |       |     8 ||     8
 Stab: Sleeping          |     1 |     1 ||     2
       Confused          |       |     2 ||     2
  Eat: Bread ration      |     1 |       ||     1
       Chunk             |       |     3 ||     3
       Meat ration       |       |     1 ||     1
       Beef jerky        |       |     1 ||     1
